 Dungeon Crawl Stone Soup version 0.30-a0-1163-gf69bf04e7a (webtiles) character file.

Game seed: 12164204331776403515

114 IndexError the Grave Robber (level 4, -2/30 HPs)
             Began as a Demonspawn Necromancer on Apr 28, 2023.
             Slain by a hobgoblin (6 damage)
             ... led by Robin
             ... on level 2 of the Dungeon.
             The game lasted 00:06:06 (1085 turns).

IndexError the Grave Robber (DsNe)                  Turns: 1085, Time: 00:06:06

Health: -2/30      AC:  3    Str:  9    XL:     4   Next: 66%
Magic:  0/9        EV: 12    Int: 18    God:
Gold:   95         SH:  0    Dex: 13    Spells: 6/10 levels left

rFire   . . .        k - +0 spear
rCold   . . .        (no shield)
rNeg    . . .        a - +0 robe
rPois   .            (helmet restricted)
rElec   .            (no cloak)
rCorr   +            d - +0 pair of gloves
SInv    .            (no boots)
Will    .....        (no amulet)
Stlth   ++           e - ring of resist corrosion
HPRegen 0.25/turn    (no ring)
MPRegen 0.11/turn

%: no passive effects
@: no status effects
A: antennae 2, powered by pain 1
a: no special abilities


You were on level 2 of the Dungeon.
You visited 1 branch of the dungeon, and saw 2 of its levels.

You collected 95 gold pieces.

Inventory:

Hand Weapons
 k - a +0 spear (weapon)
   (You took it off a gnoll on level 1 of the Dungeon)
Armour
 a - a +0 robe (worn)
 d - a +0 pair of gloves (worn)
   (You found it on level 1 of the Dungeon)
Jewellery
 e - a ring of resist corrosion (left hand)
   (You found it on level 1 of the Dungeon)
 h - a ring of ice {rC+, rF-}
   (You found it on level 1 of the Dungeon)
Scrolls
 f - 3 scrolls of enchant weapon {unknown}
 i - 3 scrolls of identify {unknown}
 j - a scroll of immolation {unknown}
Potions
 b - a potion of magic
 c - 2 potions of experience {unknown}
 g - a potion of degeneration {unknown}
 l - a potion of curing {unknown}
 m - a potion of flight {unknown}


   Skills:
 - Level 1.7 Dodging
 - Level 1.7 Stealth
 + Level 3.5 Spellcasting
 + Level 5.6 Necromancy


You had 6 spell levels left.
You knew the following spells:

 Your Spells              Type           Power      Damage    Failure   Level
a - Necrotise             Necr           92%        1d8       1%          1
x - Vampiric Draining     Necr           23%        2d7       4%          3

Your spell library contained the following spells:

 Spells                   Type           Power      Damage    Failure   Level
 Animate Dead             Necr           23%        N/A       16%         4
 Agony                    Necr           23%        N/A       38%         5
 Ignite Poison            Fire/Tmut/Pois 3%         N/A       43%         3
 Anguish                  Hex/Necr       6%         N/A       43%         4
 Cause Fear               Hex            1%         N/A       83%         4
 Sticky Flame             Conj/Fire      3%         2d3       83%         4
 Enfeeble                 Hex            1%         N/A       100%        7
 Ignition                 Fire           1%         3d3       100%        8


Dungeon Overview and Level Annotations

Branches:
Dungeon (2/15)

Altars:

Annotations:
D:2 Robin, Sigmund


Innate Abilities, Weirdness & Mutations

You have a pair of antennae on your head.
You sometimes gain a little power by taking damage.


Message History

Robin throws the goblin at you!
Your ball python skeleton bites the hobgoblin.
Your ball python skeleton grabs the hobgoblin.
Your ball python skeleton constricts the hobgoblin.
Casting: Necrotise (safe; 1% risk of failure)
Confirm with . or Enter, or press ? or * to list all spells.
Aiming: Necrotise (safe; 1% risk of failure)
Press: ? - help, Shift-Dir - straight line, f/p - hobgoblin
Aim: a hobgoblin (moderately wounded, constricted by your ball python skeleton, ally target, chance to affect: 91%)
The hobgoblin writhes in agony!
The dead are walking!
Robin roars a battlecry!
The goblins go into a battle-frenzy!
The goblin unwields a +0 club.
The goblin wields a +0 sling.
The goblin shoots a sling bullet.
The sling bullet barely misses your ball python skeleton.
The sling bullet closely misses you. The goblin hits you with a +0 dagger.
* * * LOW HITPOINT WARNING * * *
Your goblin skeleton barely misses the goblin.
Your gnoll skeleton closely misses the goblin.
Your ball python skeleton barely misses the goblin.
Your ball python skeleton closely misses the goblin.
You take 4 damage, and have 5/30 hp.
You now have 4/9 mp.
Casting: Necrotise (safe; 1% risk of failure)
Confirm with . or Enter, or press ? or * to list all spells.
Aiming: Necrotise (safe; 1% risk of failure)
Press: ? - help, Shift-Dir - straight line, f - goblin
Aim: a goblin, wielding a +0 dagger (strong, ally target, chance to affect: 91%)
The goblin writhes in agony!
The dead are walking!
The goblin hits your hobgoblin skeleton with a +0 club.
A goblin comes into view. It is wielding a +0 club.
The goblin shoots a sling bullet.
The sling bullet hits your ball python skeleton.
Your gnoll skeleton hits Robin.
Your ball python skeleton closely misses the goblin.
Your ball python skeleton misses the goblin.
You now have 3/9 mp.
Casting: Necrotise (safe; 1% risk of failure)
Confirm with . or Enter, or press ? or * to list all spells.
You can't see any susceptible monsters within range! (Use Z to cast anyway.) Unknown command.
The hobgoblin hits your gnoll skeleton.
The goblin hits your hobgoblin skeleton with a +0 club.
A goblin comes into view. It is wielding a +0 club.
Robin throws the goblin at you!
A goblin comes into view. It is wielding a +0 dagger.
The goblin shoots a sling bullet.
The sling bullet barely misses your ball python skeleton.
The sling bullet misses you.
Your gnoll skeleton hits Robin but does no damage.
Your ball python skeleton barely misses the goblin.
Your ball python skeleton grabs the goblin.
Your ball python skeleton constricts the goblin.
Casting: Necrotise (safe; 1% risk of failure)
Confirm with . or Enter, or press ? or * to list all spells.
Aiming: Necrotise (safe; 1% risk of failure)
Press: ? - help, Shift-Dir - straight line, f - goblin
Aim: a goblin, wielding a +0 club (strong, chance to affect: 91%)
The goblin barely resists.
The goblin barely misses you.
Robin hits your gnoll skeleton with a +0 mace.
A hobgoblin comes into view.
Your gnoll skeleton hits the goblin.
Your goblin skeleton hits the goblin.
The goblin unwields a +0 sling.
The goblin wields a +0 club.
The goblin hits your gnoll skeleton with a +0 club.
Your ball python skeleton bites the goblin.
You now have 2/9 mp.
Casting: Necrotise (safe; 1% risk of failure)
Confirm with . or Enter, or press ? or * to list all spells.
Aiming: Necrotise (safe; 1% risk of failure)
Press: ? - help, Shift-Dir - straight line, f/p - goblin
Aim: a goblin, wielding a +0 club (strong, ally target, chance to affect: 91%)
The goblin barely resists.
The goblin barely misses you. Robin throws the goblin at you!
The goblin hits you with a +0 dagger.
* * * LOW HITPOINT WARNING * * *
Your gnoll skeleton barely misses Robin.
You take 1 damage, and have 5/30 hp.
You now have 1/9 mp.
Casting: Necrotise (safe; 1% risk of failure)
Confirm with . or Enter, or press ? or * to list all spells.
Aiming: Necrotise (safe; 1% risk of failure)
Press: ? - help, Shift-Dir - straight line, f/p - goblin
Aim: a goblin, wielding a +0 club (strong, ally target, chance to affect: 91%)
The goblin writhes in agony.
The goblin hits you with a +0 club.
* * * LOW HITPOINT WARNING * * *
Robin hits your gnoll skeleton with a +0 mace.
The goblin misses you.
Your gnoll skeleton closely misses Robin.
You now have 0/9 mp.
Casting: Necrotise (safe; 1% risk of failure)
Confirm with . or Enter, or press ? or * to list all spells.
You don't have enough magic to cast this spell.
Unknown command.
You hit the goblin.
The goblin hits your gnoll skeleton with a +0 club.
Robin throws the goblin at you!
* * * LOW HITPOINT WARNING * * *
The goblin closely misses you.
Your goblin skeleton hits the hobgoblin.
Your gnoll skeleton hits the goblin.
Your goblin skeleton hits the goblin.
You take 1 damage, and have 4/30 hp.
The hobgoblin attacks as you move away! The hobgoblin hits you.
You die...

#....#.....##
#....#.#>########
#....#...........
#....#.).........
##....##..........
......##..........
...g...Z..........
....)ZZZ).........
..g..gg@##########
...##..g# .. #...#
#...# #...# #####


You could see Robin, 2 hobgoblins, 2 goblins, a friendly ball python skeleton, 2
friendly goblin skeletons and a friendly gnoll skeleton.

Vanquished Creatures
  3 gnolls
  2 adders (D:2)
  4 worms (D:2)
  2 dart slugs (D:2)
  2 giant cockroaches (D:1)
  5 goblins
  A hobgoblin (D:2)
  3 kobolds
  A quokka (D:1)
  4 ball pythons
  3 bats (D:1)
  3 frilled lizards (D:1)
  6 rats
39 creatures vanquished.

Vanquished Creatures (collateral kills)
  A gnoll (D:2)
  A dart slug (D:1)
  2 goblins (D:2)
  A ball python (D:1)
  A bat (D:1)
6 creatures vanquished.

Grand Total: 45 creatures vanquished

Notes
Turn   | Place    | Note
-------+----------+-------------------------------------------
     0 | D:1      | IndexError the Demonspawn Necromancer began the quest for
                  | the Orb.
     0 | D:1      | Reached XP level 1. HP: 13/13 MP: 3/3
    77 | D:1      | Gained mutation: You sometimes gain a little power by
                  | taking damage. [demonic ancestry]
    77 | D:1      | Reached XP level 2. HP: 7/19 MP: 0/5
   441 | D:1      | HP: 4/19 [gnoll/+0 spear (1)]
   443 | D:1      | Reached skill level 5 in Necromancy
   443 | D:1      | Gained mutation: You have a pair of small antennae on your
                  | head. [demonic ancestry]
   443 | D:1      | Reached XP level 3. HP: 6/24 MP: 1/7
   694 | D:2      | Reached skill level 3 in Spellcasting
   727 | D:2      | Noticed Sigmund
   739 | D:2      | Learned a level 3 spell: Vampiric Draining
   870 | D:2      | Gained mutation: You have a pair of antennae on your head.
                  | [demonic ancestry]
   870 | D:2      | Reached XP level 4. HP: 19/30 MP: 1/8
  1074 | D:2      | Noticed Robin
  1078 | D:2      | HP: 5/30 [goblin/+0 dagger[Robin] (4)]
  1083 | D:2      | HP: 5/30 [goblin/+0 club[Robin] (1)]
  1085 | D:2      | Slain by a hobgoblin

Illustrated notes

Levels and vault maps discovered:
D:1:      dpeg_arrival_windows_large_door, layout_rooms
D:2:      layout_basic, uniq_sigmund, uniq_robin

Skill      XL: |  1  2  3 |
---------------+----------+-----
Necromancy     | 5 |  5.6
Spellcasting   | 3 |  3.5
Dodging        | |  1.7
Stealth        | |  1.7

Action                     |  1- 3 |  4- 6 || total
---------------------------+-------+-------++-------
  Melee: Unarmed           |     5 |       ||     5
         Dagger            |    16 |       ||    16
         Spear             |    33 |     6 ||    39
   Cast: Necrotise         |    46 |    20 ||    66
         Vampiric Draining |     1 |       ||     1
   Stab: Sleeping          |       |     1 ||     1
 Armour: Robe              |    10 |     5 ||    15
  Dodge: Dodged            |    49 |    12 ||    61

Table legend: (Time is in decaauts)
 A = Elapsed time spent in this place.
 B = Non-inter-level travel time spent in this place.
 C = Inter-level travel time spent in this place.
 D = Time resting spent in this place.
 E = Time spent auto-exploring this place.
 F = Levels seen in this place.
 G = Mean time per level.
                   A        B        C        D        E       F      G
               +--------+--------+--------+--------+--------+-----+--------+
         Total |   1087 |   1076 |     11 |      0 |    607 |   2 |  543.5 |
       Dungeon |   1087 |   1076 |     11 |      0 |    607 |   2 |  543.5 |
               +--------+--------+--------+--------+--------+-----+--------+

Top non-repeatable levels by time:
     D:1: 565 daAuts
     D:2: 521 daAuts

Levels and vault maps discovered:
D:1:      dpeg_arrival_windows_large_door, layout_rooms
D:2:      layout_basic, uniq_sigmund, uniq_robin

Table legend: (Time is in decaauts)
 A = Elapsed time spent in this place.
 B = Non-inter-level travel time spent in this place.
 C = Inter-level travel time spent in this place.
 D = Time resting spent in this place.
 E = Time spent auto-exploring this place.
 F = Levels seen in this place.
 G = Mean time per level.
                   A        B        C        D        E       F      G
               +--------+--------+--------+--------+--------+-----+--------+
         Total |   1087 |   1076 |     11 |      0 |    607 |   2 |  543.5 |
       Dungeon |   1087 |   1076 |     11 |      0 |    607 |   2 |  543.5 |
               +--------+--------+--------+--------+--------+-----+--------+

Top non-repeatable levels by time:
     D:1: 565 daAuts
     D:2: 521 daAuts

Table legend:
 A = Kills in this place as a percentage of kills in the entire game.
 B = Kills by you in this place as a percentage of kills by you in the entire game.
 C = Kills by friends in this place as a percentage of kills by friends in the entire game.
 D = Other kills in this place as a percentage of other kills in the entire game.
 E = Experience gained in this place as a percentage of experience gained in the entire game.
 F = Experience gained in this place divided by the number of levels of this place that you have seen.
                   A       B       C       D       E      F
               +-------+-------+-------+-------+-------+----------------------
         Total | 100.0 | 100.0 | 100.0 |   N/A | 100.0 |  81.5
       Dungeon | 100.0 | 100.0 | 100.0 |   N/A | 100.0 |  81.5
               +-------+-------+-------+-------+-------+----------------------
